[Event "Titled Tuesday Blitz May 31 Late 2022"]
[White "Stanisz, Patryk"]
[Black "hakki1"]
[WhiteFideId "1123106"]
[WhiteElo "1833"]
[BlackElo "2428"]
[Result "0-1"]
[Round "08"]
[TimeControl "180+1"]
[Date "2022.06.01"]
[WhiteClock "0:00:03"]
[BlackClock "0:00:09"]

1. d4 g6 2. Nf3 Bg7 3. g3 d5 4. Bg2 e6 5. O-O Ne7 6. c4 O-O 7. Nbd2 Nbc6 8. e3 b6 9. b3 Ba6 10. Ba3 Re8 11. Rc1 Qd7 12. Re1 Rad8 13. Qc2 Rc8 14. c5 e5 15. dxe5 Nxe5 16. Nxe5 Bxe5 17. Bb2 Bxb2 18. Qxb2 Bd3 19. Qd4 Bf5 20. c6 Nxc6 21. Qa4 Ne5 22. Qxd7 Bxd7 23. Rc3 c5 24. Bxd5 Rcd8 25. Nf3 Nxf3+ 26. Bxf3 Bf5 27. Re2 Bh3 28. Rc1 Rd3 29. Bg2 Bg4 30. Rec2 Red8 31. h3 Rd1+ 32. Kh2 Be6 33. Rxd1 Rxd1 34. Bf3 Rd6 35. Kg2 Kg7 36. g4 Kf6 37. Kf1 g5 38. Ke2 Ke5 39. Rd2 f5 40. gxf5 Bxf5 41. Bg4 Rxd2+ 42. Kxd2 Be4 43. f3 Bg6 44. a3 h5 45. Bc8 h4 46. Ke2 a5 47. Kd2 Bf7 48. b4 axb4 49. axb4 cxb4 50. Kc2 Bc4 51. Bg4 Kd6 52. Kb2 Kc5 53. f4 gxf4 54. exf4 Kd6 55. Kc2 Ke7 56. Kb2 Kf6 57. Kc2 b5 58. Kb2 Ke7 59. Bf3 Kd6 60. Be4 Kc5 61. Kc2 Kd4 62. Bf3 Ke3 63. Bc6 Kxf4 64. Bd7 Kg3 65. Bc8 Bf1 66. Kb3 Bxh3 67. Bb7 Be6+ 68. Kxb4 Bc4 69. Kc5 Be2 70. Bh1 Bf3 71. Bxf3 Kxf3 72. Kxb5 h3 0-1


[Site "https://www.chess.com"]

[Event "Titled Tuesday Blitz May 31 Late 2022"]
[White "Swiercz, Dariusz"]
[Black "Taboas Rodriguez, Daniel"]
[WhiteFideId "1126881"]
[BlackFideId "2208466"]
[WhiteElo "2627"]
[BlackElo "2429"]
[Result "1-0"]
[Round "08"]
[TimeControl "180+1"]
[Date "2022.05.31"]
[WhiteClock "0:00:21"]
[BlackClock "0:00:02"]

1. d4 Nf6 2. Nf3 g6 3. Bg5 Bg7 4. Nbd2 O-O 5. e3 b6 6. Bd3 Bb7 7. O-O c5 8. c3 d6 9. Qe2 Nbd7 10. Ba6 Qc8 11. Bxb7 Qxb7 12. a4 Rfe8 13. Rfe1 Ne4 14. Nxe4 Qxe4 15. h3 Nf6 16. Bxf6 Bxf6 17. Qa6 Qc2 18. Re2 Qb3 19. Qb5 Qd5 20. e4 Qb7 21. e5 dxe5 22. dxe5 Bg7 23. e6 f5 24. Rd1 Red8 25. Red2 Rxd2 26. Rxd2 Bf6 27. Qc4 Qc6 28. Rd7 a6 29. Qd5 Qxd5 30. Rxd5 Rc8 31. g4 fxg4 32. hxg4 h6 33. Nd2 Rc6 34. Ne4 Rxe6 35. f3 Kf7 36. Kg2 Re5 37. Rd7 c4 38. Rb7 Ra5 39. Nd6+ Ke6 40. Nxc4 Rxa4 41. Rxb6+ Kd5 42. Rxf6 Kxc4 43. Rxg6 Ra2 44. Kg3 a5 45. Rb6 e5 46. Rb8 Kd3 47. Rb5 a4 48. Rb4 Ke3 49. Re4+ Kd3 50. Kh4 Rxb2 51. Rxa4 Kxc3 52. Re4 Rb5 53. Kh5 Rb6 54. Rxe5 Rf6 55. Rf5 Re6 56. f4 Kd4 57. Re5 Rf6 58. Rf5 Re6 59. Rf8 Ke4 60. f5 Ra6 61. Re8+ Kf4 62. Re6 1-0


[Site "https://www.chess.com"]

[Event "Titled Tuesday Blitz May 31 Late 2022"]
[White "Tristan, Leonardo"]
[Black "Ambartsumova, Karina"]
[WhiteFideId "113816"]
[BlackFideId "4166299"]
[WhiteElo "2404"]
[BlackElo "2262"]
[Result "1-0"]
[Round "08"]
[TimeControl "180+1"]
[Date "2022.05.31"]
[WhiteClock "0:00:43"]
[BlackClock "0:00:04"]

1. d4 Nf6 2. Nf3 g6 3. Bf4 Bg7 4. e3 O-O 5. Be2 d6 6. O-O Nc6 7. c3 Nd7 8. e4 e5 9. Bg5 f6 10. Be3 f5 11. Bg5 Qe8 12. exf5 gxf5 13. Re1 Qg6 14. Qd2 h6 15. dxe5 dxe5 16. Bh4 e4 17. Nd4 Nde5 18. Nxc6 bxc6 19. Bg3 Be6 20. Qf4 Rad8 21. Nd2 Qf7 22. Nf1 Ng6 23. Bh5 Nxf4 24. Bxf7+ Rxf7 25. Bxf4 Rfd7 26. Ne3 Kf7 27. h3 Rd2 28. Rad1 Rxd1 29. Rxd1 Rxd1+ 30. Nxd1 Bxa2 31. Bxc7 Ke6 32. Kf1 Bb3 33. Ne3 Be5 34. Bxe5 Kxe5 35. Ke2 f4 36. Ng4+ Kf5 37. Nxh6+ Kg5 38. Ng4 Bc4+ 39. Kd2 Bf1 40. Ne5 Bxg2 41. Nxc6 Bxh3 42. Nxa7 Kg4 43. Nb5 Kf3 44. Ke1 Be6 45. Nd4+ Kg2 46. Nxe6 e3 47. Nxf4+ Kf3 48. fxe3 1-0


[Site "https://www.chess.com"]

[Event "Titled Tuesday Blitz May 31 Late 2022"]
[White "Trost, Edvin"]
[Black "Shirov, Alexei"]
[WhiteFideId "1729519"]
[BlackFideId "2209390"]
[WhiteElo "2165"]
[BlackElo "2678"]
[Result "1/2-1/2"]
[Round "08"]
[TimeControl "180+1"]
[Date "2022.05.31"]
[WhiteClock "0:01:43"]
[BlackClock "0:01:36"]

1. d4 d5 2. Nf3 Nf6 3. c4 c6 4. g3 dxc4 5. Bg2 g6 6. O-O Bg7 7. a4 a5 8. Na3 Be6 9. Ne5 Bd5 10. Naxc4 Bxg2 11. Kxg2 Nbd7 12. Nxd7 Nxd7 13. e3 b5 14. Nd2 Nb6 15. b3 c5 16. Bb2 cxd4 17. Nf3 bxa4 18. bxa4 O-O 19. Bxd4 Bxd4 20. Qxd4 Qxd4 21. Nxd4 Rfc8 22. Rfb1 Ra6 23. Rb5 Rc4 24. Nb3 Rxa4 25. Rxa4 Nxa4 26. Rxa5 Rxa5 27. Nxa5 Nc5 28. Nc6 Kf8 1/2-1/2


[Site "https://www.chess.com"]

[Event "Titled Tuesday Blitz May 31 Late 2022"]
[White "Van Foreest, Jorden"]
[Black "Bettalli, Francesco"]
[WhiteFideId "1039784"]
[BlackFideId "2816453"]
[WhiteElo "2609"]
[BlackElo "2216"]
[Result "1-0"]
[Round "08"]
[TimeControl "180+1"]
[Date "2022.05.31"]
[WhiteClock "0:02:11"]
[BlackClock "0:02:02"]

1. d4 e5 2. dxe5 Nc6 3. Nf3 Qe7 4. Bf4 Qb4+ 5. Nc3 Qxf4 6. e3 Qb4 7. Qc1 Nge7 8. a3 Qa5 9. b4 Nxb4 10. axb4 Qxb4 11. Qd2 Nc6 12. Rb1 Qa5 13. Rb5 Qa1+ 14. Rb1 Qa5 15. Nd5 Qxd2+ 16. Kxd2 Kd8 17. Bc4 d6 18. exd6 Bxd6 19. Ke2 Be6 20. Ng5 Kd7 21. Rhd1 Rae8 22. Rxb7 Na5 23. Bb5+ Kc8 24. Rxa7 Bxd5 25. Rxd5 c6 26. Rxd6 cxb5 27. Rxa5 1-0


[Site "https://www.chess.com"]

[Event "Titled Tuesday Blitz May 31 Late 2022"]
[White "Wang, Michael"]
[Black "Martin Carmona, Gaston Manuel"]
[WhiteFideId "2079186"]
[BlackFideId "22284567"]
[WhiteElo "2248"]
[BlackElo "2162"]
[Result "1-0"]
[Round "08"]
[TimeControl "180+1"]
[Date "2022.06.01"]
[WhiteClock "0:00:08"]
[BlackClock "0:00:17"]

1. d4 Nf6 2. c4 e6 3. Nf3 d5 4. Nc3 c5 5. cxd5 Nxd5 6. e4 Nxc3 7. bxc3 cxd4 8. cxd4 Bb4+ 9. Bd2 Bxd2+ 10. Qxd2 O-O 11. Be2 Nd7 12. O-O b6 13. Qe3 Bb7 14. Rfd1 h6 15. Nd2 Rc8 16. Nb3 Qe7 17. Bf3 Qb4 18. Rac1 a5 19. Qd2 Qxd2 20. Nxd2 Nf6 21. Kf1 Rfd8 22. Rxc8 Rxc8 23. Rb1 Ba6+ 24. Be2 Bxe2+ 25. Kxe2 Rc2 26. Kd3 Rxa2 27. Rxb6 a4 28. Ra6 Ng4 29. f3 Nf2+ 30. Ke2 a3 31. d5 exd5 32. exd5 Kf8 33. d6 Ke8 34. Ra7 g5 35. h3 Nh1 36. g4 Ng3+ 37. Ke3 f5 38. Kd3 h5 39. Rh7 hxg4 40. hxg4 f4 41. Rg7 Rb2 42. Rxg5 a2 43. Ra5 Nh1 44. Kc3 Rb6 45. Rxa2 Rxd6 46. Ne4 Rc6+ 47. Kd4 Rc1 48. Rh2 Kf7 49. Ke5 Ng3 50. Nxg3 fxg3 51. Rg2 Rf1 52. Rxg3 Kg6 53. Kf4 Kf6 54. Rh3 Kg6 55. Rh8 Rb1 56. Ra8 Rb4+ 57. Kg3 Rb6 58. Ra3 Rb4 59. f4 Rb1 60. Ra6+ Kg7 61. Kh4 Rb5 62. f5 Rb1 63. Kg5 Rb7 64. Ra5 Kf7 65. Ra6 Kg7 66. Rg6+ Kf7 67. Rh6 Kg7 68. Rh1 Kf7 69. Rh7+ 1-0


[Site "https://www.chess.com"]

[Event "Titled Tuesday Blitz May 31 Late 2022"]
[White "Zhigalko, Sergei"]
[Black "Wieczorek, Oskar"]
[WhiteFideId "13502956"]
[BlackFideId "1133950"]
[WhiteElo "2662"]
[BlackElo "2330"]
[Result "1-0"]
[Round "08"]
[TimeControl "180+1"]
[Date "2022.05.31"]
[WhiteClock "0:00:15"]
[BlackClock "0:00:02"]

1. e4 c5 2. Nf3 e6 3. c3 d5 4. e5 d4 5. Bd3 Nc6 6. O-O Nge7 7. Re1 Ng6 8. g3 Qc7 9. Qe2 b6 10. Be4 Bb7 11. d3 O-O-O 12. Na3 a6 13. Bd2 Kb8 14. Rac1 f5 15. exf6 gxf6 16. Bxg6 hxg6 17. Qxe6 Bd6 18. Nc4 b5 19. Nxd6 Rxd6 20. Bf4 Ne5 21. Rxe5 fxe5 22. Qxe5 Rhd8 23. cxd4 Qc6 24. Qe4 Qxe4 25. dxe4 Bxe4 26. Ng5 Bf5 27. dxc5 1-0


[Site "https://www.chess.com"]

[Event "Titled Tuesday Blitz May 31 Late 2022"]
[White "Ambartsumova, Karina"]
[Black "Ladan, Nicholas"]
[WhiteFideId "4166299"]
[BlackFideId "30918855"]
[WhiteElo "2262"]
[BlackElo "2167"]
[Result "1-0"]
[Round "09"]
[TimeControl "180+1"]
[Date "2022.06.01"]
[WhiteClock "0:00:22"]
[BlackClock "0:00:11"]

1. d4 d5 2. c4 c6 3. Nf3 Nf6 4. g3 Bf5 5. Qb3 Qb6 6. Nc3 e6 7. c5 Qxb3 8. axb3 Na6 9. Bf4 Nb4 10. Ra4 a5 11. Bc7 Bc2 12. Bxa5 Na6 13. Ra3 Nd7 14. Kd2 Bg6 15. e3 e5 16. b4 e4 17. Ne1 Be7 18. Nc2 O-O 19. b5 Nab8 20. b6 Nf6 21. Be2 Bh5 22. Bxh5 Nxh5 23. Rha1 f5 24. Bb4 Na6 25. Ra5 g5 26. Ne2 f4 27. gxf4 gxf4 28. Rg1+ Kh8 29. Bc3 Bh4 30. Rg4 Bxf2 31. exf4 Rae8 32. Ne3 Ng7 33. Ra1 Bxe3+ 34. Kxe3 Nf5+ 35. Kd2 Rg8 36. Rag1 Rxg4 37. Rxg4 Rg8 38. Rxg8+ Kxg8 39. Ng3 Nxg3 40. hxg3 h5 41. Ke3 Kf7 42. f5 Kf6 43. Kf4 Nb8 44. Be1 Nd7 45. g4 hxg4 46. Bh4+ Kf7 47. Kxg4 Nb8 48. Kf4 Na6 49. Be1 Kf6 50. b3 Nb8 51. Bh4+ Kf7 52. Ke5 Na6 53. Be1 e3 54. Kf4 e2 55. Ke5 Nb8 56. Kd6 Na6 57. Kd7 Kf6 58. Kc8 Kxf5 59. Kxb7 Nxc5+ 60. dxc5 d4 61. Kxc6 Ke4 62. b7 d3 63. b8=Q Ke3 64. Qe8+ Kf3 65. Bd2 Kg2 66. Qe3 Kf1 67. Qxd3 Kg1 68. Qxe2 Kh1 69. Bf4 Kg1 70. Be5 Kh1 71. Qh2# 1-0


[Site "https://www.chess.com"]

[Event "Titled Tuesday Blitz May 31 Late 2022"]
[White "Barria Zuniga, Daniel"]
[Black "Derraugh, Geordie"]
[WhiteFideId "3400816"]
[BlackFideId "2603950"]
[WhiteElo "2414"]
[BlackElo "2116"]
[Result "1/2-1/2"]
[Round "09"]
[TimeControl "180+1"]
[Date "2022.06.01"]
[WhiteClock "0:00:03"]
[BlackClock "0:00:03"]

1. d4 Nf6 2. c4 g6 3. Nc3 d5 4. Bf4 Bg7 5. e3 O-O 6. Rc1 c6 7. h3 Qa5 8. Nf3 Ne4 9. Qb3 Nxc3 10. Qxc3 Qxa2 11. b4 Bf5 12. Nd2 a5 13. g4 axb4 14. Qxb4 Bc8 15. Bd3 Qa3 16. Qxa3 Rxa3 17. Ke2 Na6 18. Ra1 Rxa1 19. Rxa1 c5 20. cxd5 cxd4 21. e4 e5 22. Bg3 f5 23. f3 h5 24. gxh5 gxh5 25. Nc4 fxe4 26. Bxe4 Bxh3 27. Bxe5 Nc5 28. Rg1 Rf7 29. d6 Kh8 30. Bd5 Rd7 31. Rxg7 Rxg7 32. Bxd4 Nd7 33. Bxb7 Kh7 34. Bxg7 Kxg7 35. Ke3 Kf6 36. Kd4 Ke6 37. Bc8 Bf1 38. Nb6 Bb5 39. Nxd7 Bxd7 40. Bb7 Kxd6 41. f4 Ke6 42. Bf3 Kf5 43. Bxh5 Kxf4 1/2-1/2


[Site "https://www.chess.com"]

[Event "Titled Tuesday Blitz May 31 Late 2022"]
[White "Beulen, Marcel"]
[Black "Mickiewicz, Piotr"]
[WhiteFideId "1001450"]
[BlackFideId "1114891"]
[WhiteElo "2372"]
[BlackElo "2223"]
[Result "1/2-1/2"]
[Round "09"]
[TimeControl "180+1"]
[Date "2022.06.01"]
[WhiteClock "0:00:05"]
[BlackClock "0:00:12"]

1. e4 c5 2. Nf3 d6 3. Bc4 Nf6 4. d3 e6 5. O-O Be7 6. c3 O-O 7. Bb3 Nc6 8. Nbd2 a6 9. Re1 b5 10. d4 Bb7 11. Qe2 c4 12. Bc2 e5 13. d5 Nb8 14. b3 cxb3 15. axb3 Nbd7 16. b4 Qc7 17. Bb2 Nb6 18. Bb3 Nh5 19. Qe3 Nf4 20. g3 Nh3+ 21. Kg2 Bc8 22. Bc2 h5 23. Bd3 g6 24. Rac1 Kg7 25. c4 bxc4 26. Nxc4 Nxc4 27. Rxc4 Qb8 28. Rec1 Bg4 29. R1c2 Ra7 30. Bc3 Rc8 31. Be1 Rxc4 32. Rxc4 Qd8 33. Rc6 Ra8 34. Qb6 Bxf3+ 35. Kxf3 Qd7 36. Kg2 Ng5 37. Qe3 Qh3+ 38. Kg1 h4 39. Bf1 Qd7 40. f4 Nh3+ 41. Bxh3 Qxh3 42. fxe5 dxe5 43. Qf3 Ra7 44. d6 Bg5 45. Rc7 Rxc7 46. dxc7 Qd7 47. Qc3 Qc8 48. Bf2 hxg3 49. hxg3 Be7 50. Qc4 Bxb4 51. Qxb4 Qxc7 52. Qa4 Qb7 53. Kg2 f5 54. Kf3 Kh6 55. Be3+ Kh5 56. Ke2 Qxe4 57. Qxe4 fxe4 58. Bb6 Kg4 59. Kf2 g5 60. Kg2 e3 61. Bxe3 a5 62. Bc1 a4 63. Ba3 e4 64. Bc1 Kf5 65. Kf2 Kg4 66. Kg2 Kf5 67. Kg1 Ke5 68. Kf2 Kd4 69. Bxg5 a3 70. Ke2 a2 71. Bf6+ Kd5 72. Ke3 Ke6 73. Ba1 Kf5 74. Bb2 Kg4 75. Kxe4 Kxg3 76. Kd3 Kf2 77. Kc2 Ke1 78. Kb3 a1=Q 79. Bxa1 1/2-1/2


[Site "https://www.chess.com"]

[Event "Titled Tuesday Blitz May 31 Late 2022"]
[White "Bibasa, Bob"]
[Black "Tregubov, Pavel V."]
[WhiteFideId "10000240"]
[BlackFideId "4115341"]
[WhiteElo "2032"]
[BlackElo "2341"]
[Result "0-1"]
[Round "09"]
[TimeControl "180+1"]
[Date "2022.06.01"]
[WhiteClock "0:00:10"]
[BlackClock "0:00:51"]

1. e4 e5 2. Nf3 Nf6 3. Nxe5 d6 4. Nf3 Nxe4 5. Nc3 Nf6 6. d4 Be7 7. Bd3 O-O 8. O-O Bg4 9. h3 Bh5 10. Bg5 Re8 11. Re1 Nbd7 12. Be2 c6 13. Qd2 d5 14. Ne5 Bxe2 15. Rxe2 Nxe5 16. dxe5 Nd7 17. Bxe7 Qxe7 18. f4 Rad8 19. Rf1 f5 20. a3 Nc5 21. Qd4 b6 22. b4 Ne6 23. Qf2 d4 24. Nd1 c5 25. b5 c4 26. Nb2 Qc5 27. a4 Qb4 28. c3 dxc3 29. Nd1 Rd3 30. Rc2 Red8 31. Ne3 Rd2 32. Qh4 Qc5 33. Rxd2 cxd2 34. Qe7 Qxe7 0-1


[Site "https://www.chess.com"]

[Event "Titled Tuesday Blitz May 31 Late 2022"]
[White "Bortnyk, Olexandr"]
[Black "Nakamura, Hikaru"]
[WhiteFideId "14120828"]
[BlackFideId "2016192"]
[WhiteElo "2723"]
[BlackElo "2850"]
[Result "0-1"]
[Round "09"]
[TimeControl "180+1"]
[Date "2022.05.31"]
[WhiteClock "0:00:01"]
[BlackClock "0:00:11"]

1. e4 e5 2. Bc4 Nf6 3. d3 c6 4. Nf3 d5 5. Bb3 Bb4+ 6. Bd2 Bxd2+ 7. Qxd2 Qd6 8. Nc3 O-O 9. O-O Bg4 10. Qg5 Bxf3 11. gxf3 Nbd7 12. Kh1 h6 13. Qh4 a5 14. Rg1 Kh8 15. a3 Nc5 16. Ba2 Rad8 17. Rg2 Ne6 18. Rag1 Rg8 19. Ne2 Nh7 20. Ng3 g5 21. Nf5 gxh4 22. Rxg8+ Rxg8 23. Rxg8+ Kxg8 24. Nxd6 Nf4 25. Nf5 Kf8 26. Nxh4 Ng5 27. Kg1 h5 28. Kf1 Ke7 29. Nf5+ Ke6 30. Nh4 Kd6 31. b4 axb4 32. axb4 f6 33. Ke1 d4 34. Bb3 b6 35. Bg8 c5 36. bxc5+ bxc5 37. Bc4 Kc6 38. Ba6 Kb6 39. Bc8 Kb5 40. Kd2 c4 41. Bd7+ Kb4 42. dxc4 Kxc4 43. Be8 Kc5 44. Bd7 Nf7 45. Be8 Nd6 46. Bd7 Nc4+ 47. Kd1 Kb4 48. Be8 Kc3 49. Ng6 Nb2+ 50. Ke1 Kxc2 51. Nxf4 exf4 52. e5 d3 53. Bg6 fxe5 54. Kf1 Kc1 55. Bxd3 Nxd3 0-1


[Site "https://www.chess.com"]

[Event "Titled Tuesday Blitz May 31 Late 2022"]
[White "Bringas Gomez, Artai"]
[Black "Souleidis, Georgios"]
[WhiteFideId "24534064"]
[BlackFideId "4206827"]
[WhiteElo "1952"]
[BlackElo "2401"]
[Result "1-0"]
[Round "09"]
[TimeControl "180+1"]
[Date "2022.06.01"]
[WhiteClock "0:00:19"]
[BlackClock "0:00:02"]

1. d4 Nf6 2. c4 g6 3. Nc3 Bg7 4. e4 d6 5. Nge2 O-O 6. Ng3 h5 7. h4 c5 8. d5 e6 9. Bg5 exd5 10. exd5 Re8+ 11. Be2 Qb6 12. Rb1 Ng4 13. O-O Na6 14. a3 Nb8 15. Nce4 f6 16. Bf4 Ne5 17. b4 cxb4 18. axb4 Nbd7 19. c5 dxc5 20. bxc5 Qa5 21. Rb5 Qa3 22. Nd6 Rd8 23. Qc2 a6 24. Nxb7 Bxb7 25. Rxb7 Qxc5 26. Qa2 Kh8 27. Rc1 Qd4 28. Be3 Qxh4 29. Rcc7 Bf8 30. Qc2 1-0


[Site "https://www.chess.com"]

[Event "Titled Tuesday Blitz May 31 Late 2022"]
[White "Bryakin, Mikhail"]
[Black "Hosseinzadeh, Nima"]
[WhiteFideId "4165314"]
[BlackFideId "12505323"]
[WhiteElo "2417"]
[BlackElo "2066"]
[Result "0-1"]
[Round "09"]
[TimeControl "180+1"]
[Date "2022.05.31"]
[WhiteClock "0:01:17"]
[BlackClock "0:00:14"]

1. e4 e5 2. d4 exd4 3. Qxd4 Nc6 4. Qd3 Nf6 5. Nc3 Bb4 6. Bg5 h6 7. Bd2 O-O 8. O-O-O Re8 9. f3 d6 10. g4 Ne5 11. Qb5 a5 12. h3 c6 13. Qe2 b5 14. a3 Bc5 15. g5 Nh5 16. Qg2 b4 17. Na4 bxa3 18. b3 Bb4 19. c3 Be6 20. Kc2 Bxc3 21. Bxc3 Qb8 22. Bc4 Nxc4 23. bxc4 Bxc4 24. Qg4 g6 25. Ne2 Qb3+ 26. Kd2 Qa2+ 27. Nb2 axb2 28. Rb1 Bxe2 29. Kxe2 Qc4+ 30. Kd2 d5 31. gxh6 d4 32. Bxb2 Rab8 33. Rhc1 Qa2 34. Qd7 Rxb2+ 35. Rxb2 Qxb2+ 36. Rc2 Qb4+ 37. Kc1 Qe7 38. Qxc6 Kh7 39. Qd5 Nf4 40. Qxd4 Kxh6 41. h4 Qa3+ 42. Kd2 Qxf3 43. Qf6 Qe2+ 44. Kc1 Qe1+ 45. Kb2 Rb8+ 46. Ka3 Qb4+ 47. Ka2 Qa4# 0-1


[Site "https://www.chess.com"]

[Event "Titled Tuesday Blitz May 31 Late 2022"]
[White "Christiansen, Johan-Sebastian"]
[Black "Shapiro, David"]
[WhiteFideId "1512668"]
[BlackFideId "24133523"]
[WhiteElo "2513"]
[BlackElo "2300"]
[Result "1/2-1/2"]
[Round "09"]
[TimeControl "180+1"]
[Date "2022.05.31"]
[WhiteClock "0:00:16"]
[BlackClock "0:00:09"]

1. e4 e5 2. Nf3 Nf6 3. Nc3 Nc6 4. a3 d5 5. Bb5 Nxe4 6. Nxe5 Qf6 7. Nf3 Bc5 8. O-O Nxc3 9. dxc3 Be6 10. Nd4 Bxd4 11. Qxd4 Qxd4 12. cxd4 O-O-O 13. Be3 Ne7 14. Rfd1 Nf5 15. Bf4 Nd6 16. Bd3 Rhe8 17. f3 Bf5 18. Bxd6 Bxd3 19. Bxc7 Bxc2 20. Bxd8 Bxd1 21. Bh4 Ba4 22. Rc1+ Kd7 23. Rc5 Bc6 24. Kf2 b6 25. Rc2 Ba4 26. Rd2 Rc8 27. Bg5 Rc2 28. h4 Rxd2+ 29. Bxd2 h5 30. g4 g6 31. Kg3 Bd1 32. Kf4 Ke6 33. Bb4 Be2 34. Bf8 Bd1 35. Bg7 a5 36. Be5 b5 37. Bc7 a4 38. Ba5 Be2 39. Bb4 Bd1 40. Bc5 f6 41. Bb6 Be2 42. Bd8 Bd1 43. Kg3 Be2 44. Kf2 Bd1 45. g5 fxg5 46. Bxg5 Kf5 47. Ke3 Bb3 48. Kd2 Bc4 49. Kc3 Be2 50. Kb4 Ke6 51. Kc5 Bc4 52. Kc6 Be2 53. f4 Bc4 54. Kc7 Bd3 55. Kd8 Bc4 56. Ke8 Bd3 57. Kf8 Bc4 58. Kg7 Kf5 59. Kf7 Bd3 60. Kg7 Bc4 61. Kf7 Bd3 62. Kg7 Bc2 63. Kf7 Bb1 64. Kg7 Ke6 65. Kf8 Bc2 66. Kg7 Bb1 67. Bd8 Kf5 68. Bg5 Bc2 69. Kf7 Bb1 70. Bh6 Bc2 71. Bg5 1/2-1/2


[Site "https://www.chess.com"]

[Event "Titled Tuesday Blitz May 31 Late 2022"]
[White "Cruz Mendez, Jean Marco"]
[Black "Flynn, Jacob"]
[WhiteFideId "3526402"]
[BlackFideId "2509393"]
[WhiteElo "2064"]
[BlackElo "1896"]
[Result "1/2-1/2"]
[Round "09"]
[TimeControl "180+1"]
[Date "2022.06.01"]
[WhiteClock "0:00:35"]
[BlackClock "0:00:04"]

1. Nf3 Nf6 2. c4 c5 3. Nc3 Nc6 4. e3 e6 5. d4 d5 6. cxd5 Nxd5 7. Bb5 cxd4 8. exd4 Bd7 9. O-O Be7 10. Bd3 O-O 11. a3 Rc8 12. Nxd5 exd5 13. Ne5 Nxe5 14. dxe5 d4 15. Bf4 Be6 16. Qf3 Qd7 17. h3 Rfd8 18. Rad1 g6 19. Qg3 Bf5 20. Bg5 Bxg5 21. Qxg5 Bxd3 22. Rxd3 Qe6 23. Rfd1 Rd5 24. f4 Rc2 25. R1d2 Rxd2 26. Rxd2 d3 27. Qg3 Qb6+ 28. Qf2 Qa5 29. Qe3 Qb5 30. Kf2 Qc4 31. g3 b6 32. h4 Rd4 33. h5 gxh5 34. Qf3 Qc1 35. Qe3 Rd7 36. f5 Qh1 37. Qg5+ Kh8 38. f6 Qh2+ 39. Kf3 Qh1+ 40. Kf2 Qh2+ 41. Ke3 Qg1+ 42. Kf3 Qh1+ 43. Rg2 Qf1+ 44. Rf2 Qh1+ 45. Ke3 Qc1+ 46. Rd2 Qg1+ 47. Kf3 Qh1+ 1/2-1/2


[Site "https://www.chess.com"]

[Event "Titled Tuesday Blitz May 31 Late 2022"]
[White "Curtis, John"]
[Black "Song, Michael"]
[WhiteFideId "3200256"]
[BlackFideId "2613190"]
[WhiteElo "2203"]
[BlackElo "2274"]
[Result "0-1"]
[Round "09"]
[TimeControl "180+1"]
[Date "2022.06.01"]
[WhiteClock "0:00:05"]
[BlackClock "0:00:16"]

1. e4 e5 2. Nf3 Nc6 3. Bb5 Nf6 4. O-O Nxe4 5. d4 Nd6 6. Bxc6 dxc6 7. dxe5 Nf5 8. Qxd8+ Kxd8 9. Bg5+ Ke8 10. Rd1 Be6 11. Nc3 h6 12. Be3 Nxe3 13. fxe3 Be7 14. Nd4 Bd7 15. Kf2 Rd8 16. a3 a6 17. b4 c5 18. bxc5 Bxc5 19. Nd5 c6 20. Nf4 Bg4 21. Rd3 g5 22. Nfe2 Ke7 23. Rb1 Bc8 24. a4 a5 25. Nb3 Rxd3 26. cxd3 Bb4 27. d4 Bf5 28. Rc1 b5 29. Rxc6 bxa4 30. Nc5 a3 31. Nc1 Rc8 32. Ra6 Bxc5 33. dxc5 Rxc5 34. Nb3 Rxe5 35. Nxa5 Rc5 36. Nc6+ Rxc6 37. Rxc6 Be6 38. Ra6 a2 39. Ke1 Kf6 40. Ra5 Bd5 41. g3 Ke5 42. Kd2 f5 43. Kc1 Ke4 44. Kb2 h5 45. h4 g4 46. Ka1 Be6 47. Ra6 Bd5 48. Ra5 Bc4 49. Ra4 Kd3 50. Kb2 Be6 51. Ra6 Bd5 52. Ra5 Be4 53. Ra3+ Ke2 54. Rxa2 Kf3 55. Ra3 Kxg3 56. Kc3 Kxh4 57. Kd4 Kg3 58. Ra4 h4 59. Ra1 h3 60. Rg1+ Kf2 61. Rxg4 fxg4 62. Kxe4 h2 63. Kf4 h1=Q 64. e4 Qf3+ 65. Ke5 g3 66. Kd4 g2 67. e5 g1=Q 68. Kc5 Qc1+ 69. Kd6 Qd3+ 70. Ke7 Qg5+ 71. Ke6 Qc4+ 72. Kd6 Qd4+ 73. Ke6 Qgxe5+ 74. Kf7 Qd7+ 75. Kg6 Qeg7+ 76. Kh5 Qh3# 0-1


[Site "https://www.chess.com"]

[Event "Titled Tuesday Blitz May 31 Late 2022"]
[White "Demchenko, Anton"]
[Black "Bas Mas, Jose Joaquin"]
[WhiteFideId "4160258"]
[BlackFideId "22219064"]
[WhiteElo "2539"]
[BlackElo "2233"]
[Result "1-0"]
[Round "09"]
[TimeControl "180+1"]
[Date "2022.05.31"]
[WhiteClock "0:00:03"]
[BlackClock "0:00:02"]

1. e4 c5 2. Nf3 e6 3. d4 cxd4 4. Nxd4 a6 5. Bd3 Nc6 6. Nxc6 bxc6 7. Nd2 d5 8. O-O Nf6 9. Qe2 Qc7 10. f4 Bc5+ 11. Kh1 O-O 12. c4 a5 13. e5 Nd7 14. Nf3 h6 15. Bd2 a4 16. f5 exf5 17. Bxf5 Re8 18. cxd5 cxd5 19. Bf4 Nf8 20. Bxc8 Qxc8 21. Rac1 Ne6 22. Be3 Ra7 23. Bxc5 Nxc5 24. Nd4 Rc7 25. Nf5 Ne4 26. Rcd1 Rxe5 27. Qg4 Ng5 28. Rxd5 Rc1 29. Nxh6+ Kh7 30. Rdd1 Rxd1 31. Rxd1 Qxg4 32. Nxg4 Re2 33. h4 Ne4 34. Rb1 f5 35. Nh2 Kg6 36. Nf3 Kh5 37. Kh2 Kg4 38. b3 Nc3 39. Rf1 Nxa2 40. bxa4 Kh5 41. Nd4 Nc3 42. Rxf5+ Kh6 43. Nxe2 Nxe2 44. Rg5 1-0


[Site "https://www.chess.com"]

[Event "Titled Tuesday Blitz May 31 Late 2022"]
[White "Diaz Rosas, Julio Cesar"]
[Black "Lobanov, Sergei"]
[WhiteFideId "5105099"]
[BlackFideId "24183750"]
[WhiteElo "2278"]
[BlackElo "2524"]
[Result "0-1"]
[Round "09"]
[TimeControl "180+1"]
[Date "2022.05.31"]
[WhiteClock "0:00:11"]
[BlackClock "0:00:16"]

1. d4 Nf6 2. Nc3 d5 3. Bf4 c5 4. e3 cxd4 5. exd4 Bg4 6. Qd2 Nc6 7. h3 Bf5 8. g4 Bg6 9. Bg2 e6 10. Nge2 Be7 11. O-O h5 12. g5 Ne4 13. Nxe4 Bxe4 14. f3 Bg6 15. h4 Rc8 16. c3 O-O 17. Bg3 Bf5 18. Nf4 g6 19. Nd3 b5 20. b4 Bxd3 21. Qxd3 Bd6 22. f4 Ne7 23. Rac1 Qb6 24. Bh3 Rc7 25. Rc2 Rfc8 26. a3 Rc6 27. Rfc1 a6 28. Qe3 Qc7 29. Kg2 Rc4 30. Kf3 a5 31. Bf1 Nf5 32. Qd2 Nxd4+ 33. Kg2 Nxc2 34. Bxc4 Qxc4 35. Rxc2 axb4 36. axb4 Bxb4 37. Kh2 Bxc3 38. Qc1 b4 39. Be1 d4 0-1


[Site "https://www.chess.com"]

[Event "Titled Tuesday Blitz May 31 Late 2022"]
[White "Djabri,Massinas"]
[Black "Hardaway, Brewington"]
[WhiteFideId "7905726"]
[BlackFideId "30941849"]
[WhiteElo "1941"]
[BlackElo "1768"]
[Result "0-1"]
[Round "09"]
[TimeControl "180+1"]
[Date "2022.06.01"]
[WhiteClock "0:00:14"]
[BlackClock "0:01:07"]

1. d4 Nf6 2. Bf4 e6 3. e3 c5 4. Nc3 Nc6 5. Nb5 Nd5 6. Bd6 cxd4 7. exd4 a6 8. Bxf8 Kxf8 9. Nd6 Qa5+ 10. c3 Nxc3 11. Qd2 Nd5 12. Qxa5 Nxa5 13. Rc1 Nc6 14. Nf3 Ke7 15. Nc4 d6 16. g3 Bd7 17. Bg2 Ncb4 18. O-O Nxa2 19. Ra1 Bb5 20. b3 Nac3 21. Rfe1 Rac8 22. Nfd2 Nb4 23. Bxb7 Rc7 24. Be4 Nxe4 25. Rxe4 d5 26. Rg4 dxc4 27. bxc4 Bxc4 28. Rc1 Rhc8 29. Rxg7 Bd5 30. Rxc7+ Rxc7 31. f4 Nd3 32. Kf1 Rc1+ 33. Ke2 Nb2 34. Rxh7 Nc4 35. Nxc4 Bxc4+ 36. Kd2 Ra1 37. h4 Ra2+ 38. Kc3 Bd5 39. Rg7 Be4 40. h5 Ra5 41. g4 Kf8 42. h6 Bg6 43. Kb4 Rb5+ 44. Kc4 Rb1 45. d5 Rc1+ 46. Kb4 Rb1+ 47. Kc3 Rf1 48. dxe6 Rxf4 49. exf7 Bxf7 50. g5 Rc4+ 51. Kd3 Rc6 52. Kd4 a5 53. Ke5 a4 54. Kf5 a3 55. g6 Rxg6 56. Rxg6 Bxg6+ 57. Kxg6 a2 0-1


[Site "https://www.chess.com"]